TOP OF THE 1ST |
Caifornia Angels batting - Pitching for Baltimore Orioles : RHP Kevin Cushman
|
Pitching: RHP Kevin Cushman
|
|
Batting: LHB Javier Trujillo
|
0-0: Foul Ball, location: 2F 0-1: Ball 1-1: Ball 2-1: Ground out 3-1 (Groundball, 34, EV 77.5 MPH)
|
Batting: RHB Preston Deakyne
|
0-0: SINGLE (Flyball, 5D, EV 101.2 MPH)
|
Batting: LHB Micah Miller
|
0-0: Grounds into double play, U6-3 (Groundball, 4MD, EV 99.4 MPH)
|
Top of the 1st over - 0 runs, 1 hit, 0 errors, 0 left on base; Caifornia 0 - Baltimore 0 |
BOTTOM OF THE 1ST |
Baltimore Orioles batting - Pitching for Caifornia Angels : LHP Aldo Questi
|
Pitching: LHP Aldo Questi
|
|
Batting: RHB Alex Rodriguez Jr.
|
0-0: Ball 1-0: SINGLE (Groundball, 6S, EV 66.9 MPH) (infield hit)
|
Batting: RHB Jeremy Giesler
|
0-0: Ball 1-0: Ball 2-0: Ball 3-0: Grounds into double play, 6-4-3 (Groundball, 6, EV 98.8 MPH)
|
Batting: RHB Kevin Howard
|
0-0: Ball 1-0: SINGLE (Line Drive, 5D, EV 103.1 MPH)
|
Batting: LHB Brad Pepin
|
0-0: Called Strike 0-1: Swinging Strike 0-2: Ball 1-2: Ball 2-2: Ground out U3 (Groundball, 34, EV 91.2 MPH)
|
Bottom of the 1st over - 0 runs, 2 hits, 0 errors, 1 left on base; Caifornia 0 - Baltimore 0 |
TOP OF THE 2ND |
Caifornia Angels batting - Pitching for Baltimore Orioles : RHP Kevin Cushman
|
Batting: RHB Alain Delhaye
|
0-0: Ball 1-0: SINGLE (Groundball, 4MD, EV 96.9 MPH)
|
Batting: RHB Dietmar Warmisch
|
0-0: Ball 1-0: Swinging Strike 1-1: Foul Ball, location: 2F 1-2: Fly out, F9 (Line Drive, 9, EV 104.4 MPH)
|
Batting: RHB Danny Odom
|
0-0: Ball 1-0: Swinging Strike 1-1: Ball 2-1: Swinging Strike 2-2: Strikes out looking
|
Batting: RHB Jasper Burd
|
0-0: Ball 1-0: Ball 2-0: Foul Ball, location: 2F 2-1: Ball 3-1: Foul Ball, location: 2F 3-2: Foul Ball, location: 2F 3-2: Fly out, F8 (Line Drive, 8RD, EV 93.1 MPH)
|
Top of the 2nd over - 0 runs, 1 hit, 0 errors, 1 left on base; Caifornia 0 - Baltimore 0 |
BOTTOM OF THE 2ND |
Baltimore Orioles batting - Pitching for Caifornia Angels : LHP Aldo Questi
|
Batting: RHB Dermott Neill
|
0-0: Called Strike 0-1: Ball 1-1: SINGLE (Groundball, 56D, EV 107.5 MPH)
|
Batting: LHB Stu Sornson
|
0-0: Ball 1-0: Ball 2-0: Ball 3-0: Grounds into double play, 4-6-3 (Groundball, 34S, EV 80.0 MPH)
|
Batting: RHB Randy Johnson Jr.
|
0-0: Hit by Pitch
|
Batting: LHB Paul Diaz
|
0-0: Ball 1-0: Foul Ball, location: 2F 1-1: Ball Randy Johnson Jr. is caught stealing 2nd base 2-6
|
Bottom of the 2nd over - 0 runs, 1 hit, 0 errors, 0 left on base; Caifornia 0 - Baltimore 0 |
TOP OF THE 3RD |
Caifornia Angels batting - Pitching for Baltimore Orioles : RHP Kevin Cushman
|
Batting: LHB Steve Roepke
|
0-0: Ball 1-0: Swinging Strike 1-1: Ball 2-1: Ball 3-1: Swinging Strike 3-2: Strikes out looking
|
Batting: RHB Jose Pineda
|
0-0: Foul Ball, location: 2F 0-1: Ball 1-1: Ball 2-1: Called Strike 2-2: Ball 3-2: DOUBLE (Line Drive, 78XD, EV 98.8 MPH)
|
Batting: LHB Javier Trujillo
|
0-0: Ball 1-0: Foul Ball, location: 2F 1-1: Foul Ball, location: 2F 1-2: Ball 2-2: SINGLE (Groundball, 5S, EV 65.0 MPH) (infield hit) Jose Pineda to third
|
Batting: RHB Preston Deakyne
|
0-0: Ball 1-0: Called Strike 1-1: 3-RUN HOME RUN (Flyball, 7D, EV 110.6 MPH), Distance : 405 ft
|
Batting: LHB Micah Miller
|
0-0: Ball 1-0: Ground out 4-3 (Groundball, 4, EV 85.6 MPH)
|
Batting: RHB Alain Delhaye
|
0-0: Foul Ball, location: 2F 0-1: Foul Ball, location: 2F 0-2: Ground out 4-3 (Groundball, 4S, EV 89.4 MPH)
|
Top of the 3rd over - 3 runs, 3 hits, 0 errors, 0 left on base; Caifornia 3 - Baltimore 0 |
BOTTOM OF THE 3RD |
Baltimore Orioles batting - Pitching for Caifornia Angels : LHP Aldo Questi
|
Batting: LHB Paul Diaz
|
0-0: Ball 1-0: Ball 2-0: Called Strike 2-1: SINGLE (Groundball, 34D, EV 107.5 MPH)
|
Batting: RHB Carlos Talavera
|
0-0: Called Strike 0-1: Swinging Strike 0-2: Grounds into double play, 5-4-3 (Groundball, 5, EV 90.0 MPH)
|
Batting: RHB Alex Rodriguez Jr.
|
0-0: Foul Ball, location: 2F 0-1: Ball 1-1: Ball 2-1: Fly out, F9 (Flyball, 9, EV 73.8 MPH)
|
Bottom of the 3rd over - 0 runs, 1 hit, 0 errors, 0 left on base; Caifornia 3 - Baltimore 0 |
TOP OF THE 4TH |
Caifornia Angels batting - Pitching for Baltimore Orioles : RHP Kevin Cushman
|
Batting: RHB Dietmar Warmisch
|
0-0: Ball 1-0: Swinging Strike 1-1: Ground out 4-3 (Groundball, 4, EV 96.2 MPH)
|
Batting: RHB Danny Odom
|
0-0: Called Strike 0-1: Ball 1-1: Called Strike 1-2: Strikes out looking
|
Batting: RHB Jasper Burd
|
0-0: Ball 1-0: Ball 2-0: Swinging Strike 2-1: Ball 3-1: Called Strike 3-2: Strikes out swinging
|
Top of the 4th over - 0 runs, 0 hits, 0 errors, 0 left on base; Caifornia 3 - Baltimore 0 |
BOTTOM OF THE 4TH |
Baltimore Orioles batting - Pitching for Caifornia Angels : LHP Aldo Questi
|
Batting: RHB Jeremy Giesler
|
0-0: Ground out 4-3 (Groundball, 4, EV 82.5 MPH)
|
Batting: RHB Kevin Howard
|
0-0: Foul Ball, location: 2F 0-1: Ball 1-1: Ball 2-1: Foul Ball, location: 2F 2-2: Strikes out swinging
|
Batting: LHB Brad Pepin
|
0-0: Fly out, F9 (Line Drive, 9, EV 92.5 MPH)
|
Bottom of the 4th over - 0 runs, 0 hits, 0 errors, 0 left on base; Caifornia 3 - Baltimore 0 |
TOP OF THE 5TH |
Caifornia Angels batting - Pitching for Baltimore Orioles : RHP Kevin Cushman
|
Pitching: RHP Mike Hurst
|
|
Batting: LHB Steve Roepke
|
0-0: Ball 1-0: Foul Ball, location: 2F 1-1: Swinging Strike 1-2: Ground out 4-3 (Groundball, 4S, EV 71.9 MPH)
|
Batting: RHB Jose Pineda
|
0-0: Foul Ball, location: 2F 0-1: Ball 1-1: Ball 2-1: Ground out 4-3 (Groundball, 4, EV 78.1 MPH)
|
Batting: LHB Javier Trujillo
|
0-0: Called Strike 0-1: Swinging Strike 0-2: Fly out, F4 (Line Drive, 4, EV 66.2 MPH)
|
Top of the 5th over - 0 runs, 0 hits, 0 errors, 0 left on base; Caifornia 3 - Baltimore 0 |
BOTTOM OF THE 5TH |
Baltimore Orioles batting - Pitching for Caifornia Angels : LHP Aldo Questi
|
Pitching: RHP Jakub Kvacek
|
|
Batting: RHB Dermott Neill
|
0-0: Swinging Strike 0-1: Ball 1-1: Swinging Strike 1-2: Strikes out swinging
|
Batting: LHB Stu Sornson
|
0-0: Swinging Strike 0-1: Ball 1-1: Called Strike 1-2: SOLO HOME RUN (Flyball, 89XD, EV 112.5 MPH), Distance : 458 ft
|
Batting: RHB Randy Johnson Jr.
|
0-0: Called Strike 0-1: Ball 1-1: Foul Ball, location: 2F 1-2: SOLO HOME RUN (Flyball, 7D, EV 103.1 MPH), Distance : 422 ft
|
Batting: LHB Paul Diaz
|
0-0: Ball 1-0: Ball 2-0: SINGLE (Flyball, 8RS, EV 90.6 MPH)
|
Batting: RHB Carlos Talavera
|
0-0: Swinging Strike 0-1: Ball 1-1: Ball 2-1: Foul Ball, location: 2F 2-2: Foul Ball, location: 2F 2-2: Grounds into double play, 3-6-1 (Groundball, 3, EV 104.4 MPH)
|
Bottom of the 5th over - 2 runs, 3 hits, 0 errors, 0 left on base; Caifornia 3 - Baltimore 2 |
TOP OF THE 6TH |
Caifornia Angels batting - Pitching for Baltimore Orioles : RHP Mike Hurst
|
Batting: RHB Preston Deakyne
|
0-0: Called Strike 0-1: Ball 1-1: Ball 2-1: Ball 3-1: Base on Balls
|
Batting: LHB Micah Miller
|
0-0: Called Strike Preston Deakyne steals 2nd base 0-1: SINGLE (Line Drive, 89S, EV 96.2 MPH) Preston Deakyne to third
|
Batting: RHB Alain Delhaye
|
0-0: Foul Ball, location: 2F 0-1: Ball Micah Miller steals 2nd base 1-1: Called Strike 1-2: Ground out 6-3 (Groundball, 56, EV 84.4 MPH)
|
Batting: RHB Dietmar Warmisch
|
0-0: Ball 1-0: Called Strike 1-1: Ball 2-1: Ball 3-1: Called Strike 3-2: Base on Balls
|
Pitching: RHP Jay Rapini
|
|
Batting: RHB Danny Odom
|
0-0: Foul Ball, location: 2F 0-1: SINGLE (Line Drive, 4MD, EV 93.8 MPH) Preston Deakyne scores Micah Miller to third Dietmar Warmisch to second Runner from 3rd tries for Home, SAFE, throw by CF to home
|
Batting: RHB Jasper Burd
|
0-0: Ball 1-0: Swinging Strike 1-1: Ball 2-1: Called Strike 2-2: Strikes out swinging
|
Batting: LHB Steve Roepke
|
0-0: Ground out 1-3 (Groundball, 13S, EV 63.8 MPH)
|
Top of the 6th over - 2 runs, 2 hits, 0 errors, 2 left on base; Caifornia 5 - Baltimore 2 |
BOTTOM OF THE 6TH |
Baltimore Orioles batting - Pitching for Caifornia Angels : RHP Jakub Kvacek
|
Batting: RHB Alex Rodriguez Jr.
|
0-0: Fly out, F7 (Flyball, 78D, EV 96.9 MPH)
|
Batting: RHB Jeremy Giesler
|
0-0: Ball 1-0: Called Strike 1-1: Ball 2-1: Ground out 6-3 (Groundball, 6, EV 107.5 MPH)
|
Batting: RHB Kevin Howard
|
0-0: Ball 1-0: Ball 2-0: Ball 3-0: Base on Balls
|
Batting: LHB Brad Pepin
|
0-0: Ball 1-0: Ball 2-0: Called Strike 2-1: Fly out, F7 (Flyball, 78S, EV 80.0 MPH)
|
Bottom of the 6th over - 0 runs, 0 hits, 0 errors, 1 left on base; Caifornia 5 - Baltimore 2 |
TOP OF THE 7TH |
Caifornia Angels batting - Pitching for Baltimore Orioles : RHP Jay Rapini
|
Batting: RHB Jose Pineda
|
0-0: Called Strike 0-1: Foul Ball, location: 2F 0-2: Ball 1-2: Ground out 3-1 (Groundball, 34, EV 110.6 MPH)
|
Pinch Hitting: RHB Mike Harkins
|
0-0: Called Strike 0-1: Swinging Strike 0-2: Ball 1-2: Ball 2-2: Ball 3-2: Foul Ball, location: 2F 3-2: Base on Balls
|
Batting: RHB Preston Deakyne
|
0-0: DOUBLE (Line Drive, 9LM, EV 104.4 MPH) Mike Harkins to third Runner from 3rd tries for Home, SAFE, no throw by RF
|
Pinch Hitting: RHB Curt Earnest
|
0-0: Ground out 5-3 (Groundball, 56S, EV 66.2 MPH) Preston Deakyne to third
|
Batting: RHB Alain Delhaye
|
0-0: Ball 1-0: Swinging Strike 1-1: Ball 2-1: Foul Ball, location: 2F 2-2: Ball 3-2: Strikes out swinging
|
Top of the 7th over - 1 run, 1 hit, 0 errors, 1 left on base; Caifornia 6 - Baltimore 2 |
BOTTOM OF THE 7TH |
Baltimore Orioles batting - Pitching for Caifornia Angels : RHP Jakub Kvacek
|
Pitching: RHP Jared Pollard
|
|
Now at 2B: Mike Harkins
|
|
Now at SS: Jasper Burd
|
|
Now in RF: Vinny Carreno
|
|
Batting: RHB Dermott Neill
|
0-0: Foul Ball, location: 2F 0-1: Ball 1-1: Foul Ball, location: 2F 1-2: Foul Ball, location: 2F 1-2: Ball 2-2: Foul Ball, location: 2F 2-2: Strikes out looking
|
Batting: LHB Stu Sornson
|
0-0: Ball 1-0: SOLO HOME RUN (Flyball, 7D, EV 100.0 MPH), Distance : 417 ft
|
Batting: RHB Randy Johnson Jr.
|
0-0: Swinging Strike 0-1: Foul Ball, location: 2F 0-2: Ball 1-2: Strikes out swinging
|
Batting: LHB Paul Diaz
|
0-0: Called Strike 0-1: Swinging Strike 0-2: Ball 1-2: Strikes out swinging
|
Bottom of the 7th over - 1 run, 1 hit, 0 errors, 0 left on base; Caifornia 6 - Baltimore 3 |
TOP OF THE 8TH |
Caifornia Angels batting - Pitching for Baltimore Orioles : RHP Jay Rapini
|
Pinch Hitting: RHB Nick Dunn
|
0-0: Ball 1-0: Ball 2-0: SINGLE (Line Drive, 8RS, EV 101.2 MPH)
|
Batting: RHB Danny Odom
|
0-0: Called Strike 0-1: Sac Bunt to 13S - play at first, batter OUT! 1-3 Nick Dunn to second
|
Batting: RHB Jasper Burd
|
0-0: Ball 1-0: DOUBLE (Flyball, 89XD, EV 111.9 MPH) Nick Dunn scores
|
Batting: LHB Steve Roepke
|
0-0: Called Strike 0-1: Ball 1-1: Ball 2-1: Foul Ball, location: 2F 2-2: Fly out, F8 (Flyball, 8RM, EV 86.9 MPH)
|
Batting: RHB Jose Pineda
|
0-0: Fly out, F9 (Flyball, 9, EV 75.0 MPH)
|
Top of the 8th over - 1 run, 2 hits, 0 errors, 1 left on base; Caifornia 7 - Baltimore 3 |
BOTTOM OF THE 8TH |
Baltimore Orioles batting - Pitching for Caifornia Angels : RHP Jared Pollard
|
Now at 3B: Nick Dunn
|
|
Batting: RHB Carlos Talavera
|
0-0: Ball 1-0: Foul Ball, location: 2F 1-1: Ball 2-1: Ball 3-1: Swinging Strike 3-2: Strikes out swinging
|
Pinch Hitting: RHB Saimei Kudo
|
0-0: Ball 1-0: SINGLE (Flyball, 34D, EV 90.6 MPH)
|
Pinch Hitting: LHB Gabe Pace
|
0-0: Foul Ball, location: 2F 0-1: Ball 1-1: Swinging Strike 1-2: Foul Ball, location: 2F 1-2: Foul Ball, location: 2F 1-2: Ball 2-2: Foul Ball, location: 2F 2-2: Foul Ball, location: 2F 2-2: Strikes out swinging
|
Pitching: LHP Dan Poirier
|
|
Pinch Hitting: RHB Andres Leon
|
0-0: Swinging Strike 0-1: Ball 1-1: SINGLE (Groundball, 4M, EV 109.4 MPH) (infield hit) Saimei Kudo to second
|
Pinch Hitting: RHB Marc Peckermark
|
0-0: Foul Ball, location: 2F 0-1: Ball 1-1: SINGLE (Flyball, 34D, EV 89.4 MPH) Saimei Kudo to third Andres Leon to second Runner from 3rd tries for Home, SAFE, throw by RF to home
|
Batting: SHB Jason Hayes
|
0-0: Fly out, F9 (Flyball, 9LS, EV 86.2 MPH)
|
Bottom of the 8th over - 1 run, 3 hits, 0 errors, 2 left on base; Caifornia 7 - Baltimore 4 |
TOP OF THE 9TH |
Caifornia Angels batting - Pitching for Baltimore Orioles : RHP Jay Rapini
|
Pitching: RHP Tim Bemish
|
|
Now at 3B: Saimei Kudo
|
|
Now at SS: Andres Leon
|
|
Now in CF: Marc Peckermark
|
|
Now in RF: Gabe Pace
|
|
Batting: RHB Mike Harkins
|
0-0: Called Strike 0-1: Called Strike 0-2: Strikes out swinging
|
Batting: RHB Preston Deakyne
|
0-0: Called Strike 0-1: Fly out, F4 (Flyball, 34D, EV 87.5 MPH)
|
Batting: LHB Vinny Carreno
|
0-0: Foul Ball, location: 2F 0-1: Foul Ball, location: 2F 0-2: Ball 1-2: Ball 2-2: Foul Ball, location: 2F 2-2: SINGLE (Groundball, 4MD, EV 111.9 MPH)
|
Batting: RHB Alain Delhaye
|
0-0: Ball 1-0: Swinging Strike 1-1: Foul Ball, location: 2F 1-2: Ground out 5-3 (Groundball, 56S, EV 86.9 MPH)
|
Top of the 9th over - 0 runs, 1 hit, 0 errors, 1 left on base; Caifornia 7 - Baltimore 4 |
BOTTOM OF THE 9TH |
Baltimore Orioles batting - Pitching for Caifornia Angels : LHP Dan Poirier
|
Pitching: RHP Ryan Terlizzi
|
|
Pinch Hitting: RHB Casey Nelligan
|
0-0: Called Strike 0-1: Foul Ball, location: 2F 0-2: Ball 1-2: Ball 2-2: Ball 3-2: Base on Balls
|
Pinch Hitting: RHB Vince Jackson
|
0-0: Ball 1-0: Swinging Strike 1-1: Ball 2-1: Ball 3-1: Foul Ball, location: 2F 3-2: Base on Balls Casey Nelligan to second
|
Pinch Hitting: RHB Ruben Garza
|
0-0: Ball 1-0: Foul Ball, location: 2F 1-1: Ball 2-1: Swinging Strike 2-2: Foul Ball, location: 2F 2-2: Ball 3-2: Foul Ball, location: 2F 3-2: Base on Balls Casey Nelligan to third Vince Jackson to second
|
Batting: RHB Carlos Talavera
|
0-0: Foul Ball, location: 2F 0-1: Ball Wild Pitch! Casey Nelligan scores Vince Jackson to third Ruben Garza to second 1-1: Ball 2-1: Ball 3-1: Swinging Strike 3-2: Strikes out looking
|
Batting: RHB Saimei Kudo
|
0-0: Foul Ball, location: 2F 0-1: Foul Ball, location: 2F 0-2: Ground out 4-3 (Groundball, 34, EV 90.6 MPH) Vince Jackson scores Ruben Garza to third
|
Batting: LHB Gabe Pace
|
0-0: Swinging Strike 0-1: Ball 1-1: Swinging Strike 1-2: Strikes out swinging
|
Bottom of the 9th over - 2 runs, 0 hits, 0 errors, 1 left on base; Caifornia 7 - Baltimore 6 |
|